 Dungeon Crawl Stone Soup version 0.20.0-15-g7f486f2 (webtiles) character file.

546 Revguard the Chopper (level 7, 0/60 HPs)
             Began as a Hill Orc Fighter on June 11, 2017.
             Was a Believer of Fedhas.
             Succumbed to a killer bee's poison
             ... on level 7 of the Dungeon.
             The game lasted 00:36:37 (3550 turns).

Revguard the Chopper (Hill Orc Fighter)             Turns: 3550, Time: 00:36:37

Health: 0/60       AC: 13    Str: 17 (19) XL:     7   Next: 28%
Magic:  15/16      EV: 10    Int:  1 (2)  God:    Fedhas [**....]
Gold:   134        SH: 10    Dex: 15 (17) Spells: 6/6 levels left

rFire    . . .     SeeInvis .   a - +1 war axe
rCold    . . .     Gourm    .   c - +0 shield
rNeg     . . .     Faith    +   o - +1 chain mail
rPois    .         Spirit   .   t - +0 helmet (curse)
rElec    .         Reflect  .   r - +0 cloak
rCorr    .         Harm     .   (no gloves)
MR       .....                  (no boots)
Stlth    ..........             n - amulet of faith
Regen    0.2/turn               p - -6 ring of intelligence (curse)
MPRegen  0.2/turn               f - ring of magical power

@: agile, lethally poisoned (0 -> -11), berserk cooldown, slowed, very slow
A: no striking features
a: Fungal Bloom, Evolution, Sunlight, Renounce Religion


You were on level 7 of the Dungeon.
You worshipped Fedhas.
Fedhas was pleased with you.
You were not hungry.

You visited 1 branch of the dungeon, and saw 5 of its levels.

You collected 134 gold pieces.

Inventory:

Hand Weapons
 a - a +1 war axe (weapon)
 d - a +4 quarterstaff of chaos
Armour
 b - a +0 scale mail
 c - a +0 shield (worn)
 g - a +0 ring mail
 i - a +0 hat
 o - a +1 chain mail (worn)
 r - a +0 cloak (worn)
 t - a cursed +0 helmet (worn)
Jewellery
 f - a ring of magical power (right hand)
 h - an uncursed amulet of rage
 n - an amulet of faith (around neck)
 p - a cursed -6 ring of intelligence (left hand)
 q - an uncursed amulet of guardian spirit
Wands
 v - a wand of confusion (24/48)
Potions
 j - a potion of degeneration
Comestibles
 s - a bread ration


   Skills:
 + Level 4.9 Fighting
 + Level 7.2 Axes
 + Level 4.5 Armour
 + Level 5.2 Shields
 + Level 0.3 Invocations


You had 6 spell levels left.
You didn't know any spells.

Dungeon Overview and Level Annotations

Branches:
Dungeon (4/15)
 Temple: D:4-7

Altars:
Fedhas


Message History

It was a potion of berserk rage.
A red film seems to cover your vision as you go berserk!
You feel yourself moving faster!
You feel mighty!
* * * LOW HITPOINT WARNING * * *
You feel sick.
You feel a strong urge to attack something.
* * * LOW HITPOINT WARNING * * *
You feel sick.
* * * LOW HITPOINT WARNING * * *
You feel sick.
You feel your anger subside.
* * * LOW HITPOINT WARNING * * *
You feel sick.
You are no longer berserk.
You are exhausted.
You feel yourself slow down.
* * * LOW HITPOINT WARNING * * *
You feel sick.
You die...
Fedhas appreciates your contribution to the ecosystem.

..........
...s......###
../...?.....
....[......#
...........#
...........
.........#########
.....s....†.....@#
.........#######.#
.........# #.#
.........# #..
..(......#####
####
..............
.........#####
.........)....
.........#####


There were no monsters in sight!

Vanquished Creatures
  Sigmund (D:3)
  2 killer bees (D:7)
  Crazy Yiuf (D:3)
  An iguana (D:4)
  An orc priest (D:3)
  Terence (D:2)
  A hound skeleton (D:7)
  Robin (D:3)
  2 gnolls (D:3)
  3 adders
  A shadow imp (D:7)
  An adder skeleton (D:4)
  A worm (D:4)
  A dart slug (D:3)
  3 leopard geckos
  7 orcs
  8 bats
  4 giant cockroaches
  14 goblins
  11 hobgoblins
  5 kobolds
  4 frilled lizards
  9 rats
83 creatures vanquished.

Vanquished Creatures (collateral kills)
  An orc wizard (D:4)
  An adder (D:3)
  A gnoll (D:3)
  2 orcs (D:4)
  A ball python (D:3)
  A frilled lizard (D:3)
7 creatures vanquished.

Vanquished Creatures (others)
  42 toadstools
42 creatures vanquished.

Grand Total: 132 creatures vanquished

Notes
Turn   | Place    | Note
-------+----------+-------------------------------------------
     0 | D:1      | Revguard the Hill Orc Fighter began the quest for the Orb.
     0 | D:1      | Reached XP level 1. HP: 19/19 MP: 1/1
   110 | D:1      | Reached XP level 2. HP: 21/27 MP: 2/2
   202 | D:1      | Reached skill level 3 in Axes
   843 | D:2      | Reached XP level 3. HP: 31/33 MP: 3/3
   979 | D:2      | Noticed Terence
   995 | D:2      | Killed Terence
  1066 | D:2      | Reached skill level 4 in Axes
  1066 | D:2      | Reached XP level 4. HP: 23/40 MP: 4/4
  1670 | D:2      | Found a blossoming altar of Fedhas.
  1685 | D:2      | Became a worshipper of Fedhas Madash
  1892 | D:3      | Reached XP level 5. HP: 43/46 MP: 5/5
  2281 | D:3      | Noticed Sigmund
  2293 | D:3      | Killed Sigmund
  2293 | D:3      | Reached skill level 5 in Axes
  2293 | D:3      | Reached XP level 6. HP: 46/53 MP: 6/6
  2295 | D:3      | Reached * piety under Fedhas
  2351 | D:3      | Found a runed door.
  2355 | D:3      | Noticed Crazy Yiuf
  2366 | D:3      | Killed Crazy Yiuf
  2440 | D:3      | Noticed Robin
  2464 | D:3      | Killed Robin
  2464 | D:3      | Reached skill level 6 in Axes
  3006 | D:3      | Reached skill level 5 in Shields
  3077 | D:3      | Reached ** piety under Fedhas
  3335 | D:4      | Reached XP level 7. HP: 49/60 MP: 7/7
  3466 | D:4      | You fall through a shaft for 3 floors!
  3526 | D:7      | Reached skill level 7 in Axes
  3547 | D:7      | HP: 4/90 [poisoned by a killer bee]
  3549 | D:7      | HP: 1/60 [poisoned by a killer bee]
  3550 | D:7      | Succumbed to a killer bee's poison

Skill      XL: |  1  2  3  4  5  6  7 |
---------------+----------------------+-----
Fighting       | 4 |  4.9
Axes           | 3 4 5 6 7 |  7.2
Shields        | 4 5 |  5.2
Armour         | 4 |  4.5
Invocations    | |  0.3

Action                   |  1- 3 |  4- 6 |  7- 9 || total
-------------------------+-------+-------+-------++-------
Melee: War axe           |    81 |   165 |    42 ||   288
Invok: Fungal Bloom      |       |    12 |     1 ||    13
       Evolution         |       |     1 |       ||     1
       Sunlight          |       |       |     1 ||     1
  Use: Scroll            |       |     5 |     3 ||     8
       Potion            |       |     1 |     7 ||     8
  Eat: Chunk             |       |     2 |       ||     2
       Bread ration      |       |     2 |       ||     2
Armor: Scale mail        |    38 |       |       ||    38
       Chain mail        |    16 |    78 |    34 ||   128
       Skin              |       |       |    19 ||    19
Dodge: Dodged            |    26 |    29 |    22 ||    77
Block: Shield            |    59 |    97 |    42 ||   198
